 Dungeon Crawl Stone Soup version 0.30-a0-808-g6e0788376e (webtiles) character file.

Game seed: 14370417187662375608

203 Demosthentine the Poker (level 5, -3/41 HPs)
             Began as a Demonspawn Gladiator on Feb 26, 2023.
             Killed by nerve-wracking pain
             ... invoked by an orc priest
              (10 damage)
             ... on level 3 of the Dungeon.
             The game lasted 00:02:28 (1979 turns).

Demosthentine the Poker (Demonspawn Gladiator)      Turns: 1979, Time: 00:02:29

Health: -3/41      AC:  5    Str: 15    XL:     5   Next: 51%
Magic:  5/5        EV: 13    Int:  9    God:
Gold:   960        SH:  0    Dex: 16    Spells: 4/4 levels left

rFire   . . .      SeeInvis +    a - +0 trident (venom)
rCold   . . .      Faith    .    (no shield)
rNeg    . . .      Spirit   .    b - +0 leather armour
rPois   .          Reflect  .    c - +1 helmet
rElec   .          Harm     .    (no cloak)
rCorr   .          Rampage  .    (no gloves)
Will    .....                    (no boots)
Stlth   +                        (no amulet)
HPRegen 0.26/turn                n - ring of see invisible
MPRegen 0.09/turn                (no ring)

@: no status effects
A: powered by pain 1, sturdy frame 1
a: no special abilities


You were on level 3 of the Dungeon.
You visited 1 branch of the dungeon, and saw 3 of its levels.

You collected 960 gold pieces.

Inventory:

Hand Weapons
 a - a +0 trident of venom (weapon)
Missiles
 d - 3 throwing nets (quivered)
 e - a javelin
Armour
 b - a +0 leather armour (worn)
 c - a +1 helmet (worn)
Jewellery
 n - a ring of see invisible (left hand)
Scrolls
 k - 2 scrolls of blinking
 l - a scroll of torment {unknown}
 q - a scroll of identify
Potions
 f - a potion of brilliance {unknown}
 g - 2 potions of mutation
 h - a potion of heal wounds
 i - 2 potions of flight {unknown}
 j - a potion of degeneration {unknown}
 m - a potion of berserk rage {unknown}
 o - a potion of might {unknown}
 p - a potion of magic {unknown}


   Skills:
 + Level 3.3 Fighting
 + Level 3.6 Polearms
 - Level 1.7 Throwing
 + Level 2.2 Armour
 + Level 3.6 Dodging


You had 4 spell levels left.
You didn't know any spells.
Your spell library contained the following spells:

 Spells                   Type           Power      Damage    Failure   Level
 Beastly Appendage        Tmut           0%         N/A       38%         1
 Wereblood                Tmut           0%         N/A       54%         2
 Spider Form              Tmut/Pois      0%         N/A       77%         3


Dungeon Overview and Level Annotations

Branches:
Dungeon (3/15)

Altars:
Gozag


Innate Abilities, Weirdness & Mutations

You sometimes gain a little power by taking damage.
Your movements are slightly less encumbered by armour. (ER -2)


Message History

There are monsters nearby!
You hit the orc but do no damage.
The orc looks as sick as possible!
The orc is moderately wounded.
You kill the orc!
An orc priest comes into view. It is wielding a +0 flail.
There are monsters nearby!
You barely miss the orc. The orc misses you.
You hit the orc.
The orc is poisoned.
The orc is almost dead.
The orc hits you with a +0 hand axe.
There are monsters nearby!
You hit the orc but do no damage.
The orc looks as sick as possible!
The orc is almost dead.
You kill the orc!
The orc priest mumbles some strange prayers to Beogh against you.
Beogh smites you!
An orc priest is nearby!
You hit the orc priest.
The orc priest is poisoned.
The orc priest is moderately wounded.
The orc priest mumbles some strange prayers to Beogh against you.
Pain shoots through your body!
An orc priest is nearby!
You are too injured to fight recklessly!
An orc priest is nearby!
You are too injured to fight recklessly!
An orc priest is nearby!
You are too injured to fight recklessly!
An orc priest is nearby!
You hit the orc priest but do no damage.
The orc priest looks as sick as possible!
The orc priest is heavily wounded.
The orc priest hits you with a +0 flail!
* * * LOW HITPOINT WARNING * * *
An orc comes into view. It is wielding a +0 flail.
You hit the orc priest but do no damage.
The orc priest looks as sick as possible!
The orc priest is severely wounded.
The orc priest mumbles some strange prayers to Beogh against you.
Pain shoots through your body!
You die...

#. ##.## ...#
#..# #..# #..#
#.####..####o#
#.?......@o..#
######..######
##########..#
###.......>...#
#........[....#
#.#############
#.# #.# #.#


You could see an orc priest (extremely poisoned) and an orc.

Vanquished Creatures
  A crimson imp (D:3)
  Terence (D:2)
  Robin (D:2)
  3 adders (D:2)
  A worm (D:3)
  4 dart slugs
  4 orcs (D:3)
  9 bats
  8 endoplasms
  2 giant cockroaches
  12 goblins
  10 hobgoblins
  7 jackals
  3 kobolds
  4 quokkas
  2 ball pythons
  2 frilled lizards (D:3)
  2 goblin skeletons (D:3)
  A goblin zombie (D:3)
  2 hobgoblin zombies (D:3)
  2 orc skeletons (D:3)
  An orc zombie (D:3)
  2 rats (D:3)
84 creatures vanquished.

Notes
Turn   | Place    | Note
-------+----------+-------------------------------------------
     0 | D:1      | Demosthentine the Demonspawn Gladiator began the quest for
                  | the Orb.
     0 | D:1      | Reached XP level 1. HP: 16/16 MP: 1/1
   143 | D:1      | Gained mutation: You sometimes gain a little power by
                  | taking damage. [demonic ancestry]
   143 | D:1      | Reached XP level 2. HP: 22/22 MP: 2/2
   289 | D:1      | Reached skill level 1 in Armour
   519 | D:1      | Reached XP level 3. HP: 28/28 MP: 3/3
   843 | D:2      | Noticed Terence
   860 | D:2      | Killed Terence
   861 | D:2      | Reached XP level 4. HP: 8/34 MP: 4/4
   889 | D:2      | HP: 1/34 [poisoned by an adder]
  1120 | D:2      | Found an opulent altar of Gozag.
  1233 | D:2      | Noticed Robin
  1248 | D:2      | Killed Robin
  1413 | D:2      | Gained mutation: Your movements are slightly less
                  | encumbered by armour. (ER -2) [demonic ancestry]
  1413 | D:2      | Reached XP level 5. HP: 39/41 MP: 5/5
  1542 | D:2      | Identified a scroll of acquirement
  1542 | D:2      | Acquired 841 gold pieces
  1979 | D:3      | Killed from afar by an orc priest

Illustrated notes

Levels and vault maps discovered:
D:1:      psy_arrival_basics, layout_basic, grunt_decor_mini_mirrors
D:2:      layout_basic, basic_altar, uniq_robin, uniq_terence
D:3:      minmay_chambers_of_twos, layout_loops_ring,
          nicolae_tso_besieged_by_evil, serial_shops, nicolae_shop_hallway_plus,
          small_statue_alley_b

Skill      XL: |  1  2  3  4 |
---------------+-------------+-----
Armour         | 1 2 |  2.2
Polearms       | 3 |  3.6
Dodging        | 3 |  3.6
Fighting       | 3 |  3.3
Throwing       | |  1.7

Action                     |  1- 3 |  4- 6 || total
---------------------------+-------+-------++-------
  Melee: Trident           |    87 |   157 ||   244
         Punch             |       |     1 ||     1
    Use: Scroll            |     7 |     2 ||     9
         Potion            |       |     2 ||     2
   Stab: Sleeping          |     3 |     2 ||     5
 Armour: Leather armour    |    21 |    36 ||    57
  Dodge: Dodged            |    44 |    97 ||   141

Table legend: (Time is in decaauts)
 A = Elapsed time spent in this place.
 B = Non-inter-level travel time spent in this place.
 C = Inter-level travel time spent in this place.
 D = Time resting spent in this place.
 E = Time spent auto-exploring this place.
 F = Levels seen in this place.
 G = Mean time per level.
                   A        B        C        D        E       F      G
               +--------+--------+--------+--------+--------+-----+--------+
         Total |   2011 |   1949 |     62 |     42 |   1433 |   3 |  670.3 |
       Dungeon |   2011 |   1949 |     62 |     42 |   1433 |   3 |  670.3 |
               +--------+--------+--------+--------+--------+-----+--------+

Top non-repeatable levels by time:
     D:2: 839 daAuts
     D:1: 774 daAuts
     D:3: 397 daAuts
